 Dungeon Crawl Stone Soup version 0.22-a0-525-gf69a080 (webtiles) character file.

182 iamserjio the Ruffian (level 5, -5/28 HPs)
             Began as a Vine Stalker Skald on June 21, 2018.
             Killed from afar by Dowan (26 damage)
             ... with a shard of ice
             ... on level 4 of the Dungeon.
             The game lasted 00:05:06 (602 turns).

iamserjio the Ruffian (Vine Stalker Skald)           Turns: 602, Time: 00:05:06

Health: -5/28      AC:  7    Str: 14    XL:     5   Next: 61%
Magic:  0/9        EV: 13    Int: 14    God:
Gold:   46         SH:  0    Dex: 13    Spells: 5/8 levels left

rFire    . . .     SeeInvis .     - Unarmed
rCold    . . .     Gourm    .   (no shield)
rNeg     . . .     Faith    .   d - +0 ring mail
rPois    .         Spirit   +   j - +0 helmet
rElec    .         Reflect  .   (no cloak)
rCorr    .         Harm     .   (no gloves)
MR       .....                  h - +0 pair of boots
Stlth    +.........             (no amulet)
HPRegen  0.49/turn              e - +1 ring of evasion
MPRegen  0.11/turn              g - +1 ring of evasion

@: infused (expiring)
A: fangs 2, regeneration 1, magic shield, antimagic bite, no potion heal 3, rot
immunity
a: no special abilities


You were on level 4 of the Dungeon.
You were not hungry.

You visited 1 branch of the dungeon, and saw 4 of its levels.

You collected 46 gold pieces.

Inventory:

Missiles
 k - a stone (quivered)
Armour
 a - a +0 leather armour
 d - a +0 ring mail (worn)
 h - a +0 pair of boots (worn)
 j - a +0 helmet (worn)
Jewellery
 e - a +1 ring of evasion (left hand)
 g - a +1 ring of evasion (right hand)
 l - a +2 ring of intelligence {unknown}
Scrolls
 b - 2 scrolls of noise {unknown}
 f - a scroll of identify {unknown}
Comestibles
 c - 3 rations
 i - a chunk of flesh


   Skills:
 + Level 3.2 Fighting
 - Level 0.7 Armour
 - Level 1.5 Dodging
 * Level 4.7 Unarmed Combat
 - Level 2.1 Spellcasting
 - Level 3.0 Charms


You had 5 spell levels left.
You knew the following spells:

 Your Spells              Type           Power        Failure   Level  Hunger
a - Infusion              Chrm           #...         14%         1    #......
b - Song of Slaying       Chrm           #.......     22%         2    ###....

Your spell library contained the following spells:

 Spells                   Type           Power        Failure   Level  Hunger
 Regeneration             Chrm/Necr      #.........   61%         3    ###....
 Shroud of Golubria       Chrm/Tloc      #.........   36%         2    ###....
 Spectral Weapon          Hex/Chrm       #.......     61%         3    ###....


Dungeon Overview and Level Annotations

Branches:
Dungeon (4/15)
 Temple: D:4-7

Altars:

Annotations:
D:4 Dowan


Innate Abilities, Weirdness & Mutations

You have extremely sharp teeth.
Your natural rate of healing is unusually fast.
When hurt, damage is shared between your health and your magic reserves.
Your bite disrupts and absorbs the magic of your enemies.
Potions cannot restore your health.
You are immune to rotting.


Message History

Dowan is severely wounded.
Dowan says, "Magic will overcome all!"
Dowan casts a spell.
Dowan blinks!
Dowan says, "How can I live without her?"
Things that are here:
an enchanted rapier; a leather armour; the elf corpse of Duvessa You barely miss Dowan.
Your bite misses Dowan.
Dowan is severely wounded.
Dowan barely misses you.
You completely miss Dowan. Your punch misses Dowan.
Dowan is severely wounded.
Dowan hits you but does no damage. Dowan hits you with a dagger.
You hit Dowan. Your bite misses Dowan.
Dowan is almost dead.
Your magical infusion is running out.
Dowan casts a spell at you. The shard of ice hits you!
Ouch! That really hurt!
You die...

# .# ###.# #...#
#.# #.# #e# #@#
#.# #.#
################.#
.................#
##################


You could see Dowan.

Vanquished Creatures
  Duvessa (D:4)
  A hound (D:4)
  Robin (D:4)
  A worm (D:2)
  A dart slug (D:4)
  3 bats
  2 giant cockroaches (D:1)
  11 goblins
  4 hobgoblins
  3 jackals (D:3)
  4 kobolds
  2 frilled lizards
34 creatures vanquished.

Notes
Turn   | Place    | Note
-------+----------+-------------------------------------------
     0 | D:1      | iamserjio the Vine Stalker Skald began the quest for the Orb.
     0 | D:1      | Reached XP level 1. HP: 11/11 MP: 4/4
    65 | D:1      | Reached XP level 2. HP: 9/15 MP: 3/6
   326 | D:3      | Reached skill level 3 in Unarmed Combat
   330 | D:3      | Learned a level 2 spell: Song of Slaying
   335 | D:3      | Reached XP level 3. HP: 9/18 MP: 0/7
   420 | D:4      | Noticed Robin
   428 | D:4      | Gained mutation: Your natural rate of healing is unusually fast. [Vine Stalker growth]
   428 | D:4      | Reached XP level 4. HP: 7/23 MP: 4/8
   449 | D:4      | Killed Robin
   540 | D:4      | Noticed Duvessa
   584 | D:4      | Killed Duvessa
   584 | D:4      | Reached skill level 4 in Unarmed Combat
   584 | D:4      | Reached XP level 5. HP: 19/28 MP: 3/9
   587 | D:4      | Noticed Dowan
   602 | D:4      | Killed from afar by Dowan

Vault maps used:
D:1:      lemuel_arrival_broad_hall
D:2:      first_ration
D:3:      uniq_crazy_yiuf_cottage
D:4:      overflow_temple_1_default, overflow_temple_1_default,
          nicolae_overflow_crystal_walls, uniq_duvessa, uniq_robin

Skill      XL: |  1  2  3  4 |
---------------+-------------+-----
Fighting       | 2 3 |  3.2
Unarmed Combat | 3 4 |  4.7
Armour         | |  0.7
Dodging        | |  1.5
Spellcasting   | |  2.1
Charms         | |  3.0

Action                   |  1- 3 |  4- 6 || total
-------------------------+-------+-------++-------
Melee: Unarmed           |    77 |    67 ||   144
       Bite              |    17 |    17 ||    34
       Punch             |       |     1 ||     1
 Cast: Infusion          |     4 |     3 ||     7
       Song of Slaying   |     1 |       ||     1
Armor: Leather armour    |    11 |       ||    11
       Ring mail         |    11 |    15 ||    26
Dodge: Dodged            |    53 |    31 ||    84

Table legend:
 A = Spawn XP
 B = Non-spawn XP
 C = Spawn XP percentage of total XP
 D = Spawn monster count
 E = Non-spawn monster count
 F = Spawn count percentage of total count
 G = Total turns spent on level
                    A         B        C        D         E        F      G
               +---------+---------+-------+---------+---------+-------+---------
         Total |       0 |     260 |   0.0 |       0 |      34 |   0.0 |   602
               +---------+---------+-------+---------+---------+-------+---------
           D:1 |       0 |      16 |   0.0 |       0 |       9 |   0.0 |   131
           D:2 |       0 |      11 |   0.0 |       0 |       6 |   0.0 |   127
           D:3 |       0 |       8 |   0.0 |       0 |       4 |   0.0 |    94
           D:4 |       0 |     225 |   0.0 |       0 |      15 |   0.0 |   250
               +---------+---------+-------+---------+---------+-------+---------
